 Dungeon Crawl Stone Soup version 0.28-a0-1128-gb845255321 (webtiles) character file.

Game seed: 18220707968078986560

16420 Peloso the Carver (level 12, -4/96 (106) HPs)
             Began as a Minotaur Fighter on Dec 12, 2021.
             Was a Priest of Okawaru.
             Slain by a death scarab (20 damage)
             ... in a Gauntlet.
             The game lasted 00:26:38 (10862 turns).

Peloso the Carver (Minotaur Fighter)               Turns: 10862, Time: 00:26:39

HP:   -4/96 (106)   AC: 19    Str: 27    XL:     12   Next: 9%
MP:   10/11         EV:  7    Int:  5    God:    Okawaru [***...]
Gold: 962           SH: 18    Dex: 16    Spells: 11/11 levels left

rFire   + . .      SeeInvis +   a - +6 long sword "Kirgh" {pain, rCorr Dex+4}
rCold   . . .      Faith    .   c - +0 tower shield
rNeg    . . .      Spirit   .   j - +0 plate armour
rPois   +          Reflect  .   g - +0 hat "Zuiluk" {Str+3}
rElec   .          Harm     .   P - +1 cloak {rPois}
rCorr   +          Rampage  .   (no gloves)
Will    .....      NoTele   +   R - +0 pair of boots
Stlth   ..........              e - amulet of regeneration
HPRegen 1.06/turn               h - ring of protection from fire
MPRegen 0.12/turn               s - ring of see invisible

@: on berserk cooldown, slowed, studying 2 skills, drained, very slow
A: horns 2, retaliatory headbutt
a: Renounce Religion, Heroism


You were in a Gauntlet.
You worshipped Okawaru.
Okawaru was most pleased with you.
You visited 3 branches of the dungeon, and saw 14 of its levels.
You also visited: Gauntlet.

You collected 962 gold pieces.

Inventory:

Hand Weapons
 a - the +6 long sword "Kirgh" (weapon) {pain, rCorr Dex+4}
   (You found it on level 10 of the Dungeon)

   In the hands of one skilled in necromantic magic, it inflicts extra damage on
   living creatures.
   Dex:       It affects your dexterity (+4).
   rCorr:     It protects you from acid and corrosion.
 b - a +3 scimitar of flaming
Armour
 c - a +0 tower shield (worn)
 g - the +0 hat "Zuiluk" (worn) {Str+3}
   (You found it in a Gauntlet)

   Str:       It affects your strength (+3).
 j - a +0 plate armour (worn)
 z - a +1 chain mail of fire resistance
 P - a +1 cloak of poison resistance (worn)
 R - a +0 pair of boots (worn)
Jewellery
 e - an amulet of regeneration (around neck)
 h - a ring of protection from fire (left hand)
 s - a ring of see invisible (right hand)
 A - a ring of protection from cold
 I - a ring of protection from cold
Wands
 p - a wand of flame (37)
 D - a wand of digging (3)
Scrolls
 f - a scroll of enchant armour
 l - a scroll of identify
 q - a scroll of silence
 r - a scroll of acquirement
 t - 2 scrolls of noise
 u - a scroll of amnesia {unknown}
 v - a scroll of blinking
 w - 2 scrolls of enchant weapon
 x - 2 scrolls of fear {unknown}
 y - 6 scrolls of teleportation
 C - 2 scrolls of magic mapping
 M - 2 scrolls of fog {unknown}
 O - a scroll of summoning {unknown}
Potions
 d - 2 potions of might
 i - 2 potions of berserk rage
 m - 3 potions of curing
 n - a potion of degeneration {unknown}
 H - a potion of invisibility {unknown}
 J - a potion of flight {unknown}
 N - a potion of heal wounds {unknown}


   Skills:
 + Level 10.1 Fighting
 + Level 13.4 Long Blades
 + Level 11.6 Armour
 + Level 3.0 Dodging
 + Level 1.9 Stealth
 + Level 12.9 Shields
 + Level 0.3 Invocations
 + Level 1.3 Evocations


You had 11 spell levels left.
You didn't know any spells.
Your spell library contained the following spells:

 Spells                   Type           Power      Damage    Failure   Level
 Freeze                   Ice            0%         1d3       100%        1
 Blink                    Tloc           0%         N/A       100%        2
 Frozen Ramparts          Ice            0%         1d2       100%        3
 Lesser Beckoning         Tloc           0%         N/A       100%        3
 Portal Projectile        Hex/Tloc       0%         N/A       100%        3
 Hailstorm                Conj/Ice       0%         3d3       100%        4
 Blade Hands              Tmut           0%         N/A       100%        5
 Excruciating Wounds      Necr           0%         N/A       100%        5
 Manifold Assault         Tloc           0%         N/A       100%        5


Dungeon Overview and Level Annotations

Branches:
Dungeon (11/15)            Temple (1/1) D:4            Lair (2/6) D:10
Gauntlet (1/1)
  Swamp: Lair:2-4    Shoals: Lair:2-4     Snake: Lair:2-4    Spider: Lair:2-4
    Orc: D:9-12

Altars:
Ashenzari
Cheibriados
Dithmenos
Elyvilon
Fedhas
Gozag
Hepliaklqana
Kikubaaqudgha
Makhleb
Nemelex Xobeh
Okawaru
Qazlal
Ru
Sif Muna
Trog
Uskayaw
Vehumet
Wu Jian
Xom
Yredelemnul
Zin
The Shining One

Shops:
D:9 (

Portals:
Abyss: D:9

Annotations:
D:6 3 runed translucent doors, Gargoyl's ghost, novice GnAK; Vivir's ghost, novice MiFi; bayefendi's ghost, novice DsAK; kelmiir's ghost, novice GnFE
D:9 2 transporters, Losanti's ghost, journeyman GrBe Gauntlet 16 runed translucent doors, 7 transporters


Innate Abilities, Weirdness & Mutations

You have a pair of horns on your head.
You reflexively headbutt those who attack you in melee.


Message History

The spectral death yak gores you but does no damage.
You barely miss the spectral komodo dragon.
Your headbutt misses the spectral komodo dragon.
The spectral komodo dragon is moderately damaged.
You block the death scarab's attack.
The death scarab bites you but does no damage.
The spectral komodo dragon bites you.
You feel drained. The spectral death yak gores you!
You feel drained.
The spectral komodo dragon bites you but does no damage.
You closely miss the death scarab.
You headbutt the death scarab, but do no damage.
The death scarab is moderately damaged.
The death scarab bites you!!
The death scarab draws strength from your injuries!
The spectral death yak gores you.
* * * LOW HITPOINT WARNING * * *
You block the spectral komodo dragon's attack.
The spectral death yak gores you!
* * * LOW HITPOINT WARNING * * *
You feel drained.
* * * LOW HITPOINT WARNING * * *
You feel better. You block the death scarab's attack. x2
The spectral komodo dragon bites you!
* * * LOW HITPOINT WARNING * * *
You feel drained.
* * * LOW HITPOINT WARNING * * *
The spectral death yak gores you but does no damage.
Unknown command.
You slash the spectral komodo dragon!
You headbutt the spectral komodo dragon!
The spectral komodo dragon is severely damaged.
The death scarab closely misses you. You furiously retaliate!
You headbutt the death scarab.
The spectral komodo dragon bites you but does no damage.
You block the spectral death yak's attack.
The spectral komodo dragon barely misses you.
Your plate armour prevents you from hitting the spectral komodo dragon.
The spectral komodo dragon is severely damaged.
The death scarab bites you!!
You die...

.........≈.............≈#.©.#.
########...###########..#...#
.......#...#.........#..#...#
.....#.#...#.........#..#.8.#
##.##..#####..#...#..#..#...#
##.##.[#...#........=#..#.8.#
#.©.#.©#©.©#....©...©#..#...#
##.##.)#...#...ZZ...)#..#≈8≈#
##.##..#####..#†@B#.?#..#####
.....#.#...#.........#..#
.......#.8.#.........#..###
########...###########..#8#
........................###
.......................§#
######################### #8#
#8# #8# #8# #8# #8# ### ###
### ### ### ###


You could see a spectral komodo dragon, a spectral death yak and a death scarab.

Vanquished Creatures
  Erica (D:11)
  2 two-headed ogres
  A death scarab (Gauntlet)
  Sonja (D:10)
  A spectral hydra (Gauntlet)
  An apocalypse crab (Gauntlet)
  A centaur zombie (D:11)
  Maurice (D:9)
  A black mamba (Lair:1)
  2 cane toads
  Psyche (D:8)
  A komodo dragon (Lair:1)
  2 trolls
  Grinder (D:4)
  A spectral dream sheep (Gauntlet)
  5 flying skulls (Gauntlet)
  2 shadows
  A meliai zombie (D:10)
  16 yaks
  Grum (D:8)
  2 wyverns
  A basilisk (Lair:1)
  3 vampire mosquitoes (D:11)
  2 steam dragons
  Edmund (D:4)
  4 water moccasins
  3 acid dragons
  A hornet zombie (D:9)
  Duvessa (D:4)
  An orc warrior (D:8)
  An ice beast (D:5)
  2 black bears
  12 wolves
  3 ogres
  2 centaurs
  2 kobold brigands (D:10)
  4 bullfrogs
  2 scorpions (D:5)
  Dowan (D:4)
  2 water moccasin skeletons
  6 killer bees (D:9)
  5 wights (D:10)
  An electric eel (D:10)
  3 howler monkeys
  Crazy Yiuf (D:6)
  5 orc priests
  3 hounds
  A jelly (D:6)
  A centaur skeleton (D:6)
  7 iguanas
  Ijyb (D:3)
  7 orc wizards
  A hound skeleton (D:4)
  A mummy (D:8)
  A howler monkey zombie (D:5)
  4 gnolls (D:3)
  A howler monkey skeleton (D:7)
  9 adders
  2 shadow imps
  2 white imps
  2 ufetubi (D:6)
  A worm (D:3)
  A dart slug (D:4)
  21 orcs
  7 ball pythons
  6 endoplasms
  3 giant cockroaches (D:2)
  9 goblins
  12 hobgoblins
  3 jackals (D:1)
  21 kobolds
  5 quokkas
  5 bats
  5 frilled lizards
  8 rats
264 creatures vanquished.

Vanquished Creatures (others)
  7 fungi
  6 plants (D:9)
  4 toadstools (D:1)
  21 withered plants (Gauntlet)
38 creatures vanquished.

Grand Total: 302 creatures vanquished

Notes
Turn   | Place    | Note
-------+----------+-------------------------------------------
     0 | D:1      | Peloso the Minotaur Fighter began the quest for the Orb.
     0 | D:1      | Reached XP level 1. HP: 19/19 MP: 0/0
   189 | D:1      | Reached XP level 2. HP: 27/27 MP: 1/1
   612 | D:1      | Reached XP level 3. HP: 33/33 MP: 2/2
   744 | D:2      | Reached skill level 3 in Long Blades
  1607 | D:3      | Reached skill level 4 in Long Blades
  1607 | D:3      | Reached XP level 4. HP: 34/40 MP: 3/3
  1712 | D:3      | Reached XP level 5. HP: 46/46 MP: 4/4
  1904 | D:3      | Noticed Ijyb
  1915 | D:3      | Killed Ijyb
  1916 | D:3      | Reached skill level 5 in Armour
  2107 | D:4      | Noticed Edmund
  2164 | D:4      | Reached skill level 5 in Long Blades
  2165 | D:4      | Noticed a black bear
  2174 | D:4      | Killed a black bear
  2175 | D:4      | Reached XP level 6. HP: 47/53 MP: 5/5
  2241 | D:5      | Entered Level 5 of the Dungeon
  2272 | D:5      | Reached skill level 6 in Long Blades
  2450 | D:5      | Reached XP level 7. HP: 60/60 MP: 6/6
  2732 | D:5      | Reached skill level 5 in Fighting
  2732 | D:5      | Reached skill level 7 in Long Blades
  2871 | D:5      | Found a blossoming altar of Fedhas.
  2872 | D:5      | Found a broken altar of Ashenzari.
  2985 | D:5      | Reached skill level 5 in Shields
  3139 | D:4      | Noticed Grinder
  3150 | D:4      | Paralysed by Grinder for 2 turns
  3161 | D:4      | Killed Grinder
  3162 | D:4      | Reached skill level 8 in Long Blades
  3162 | D:4      | Reached XP level 8. HP: 49/68 MP: 7/7
  3169 | D:4      | Noticed Duvessa
  3194 | D:4      | Noticed Dowan
  3201 | D:4      | Killed Dowan
  3213 | D:4      | Killed Duvessa
  3274 | D:4      | Found a radiant altar of Vehumet.
  3307 | D:4      | Found a sacrificial altar of Ru.
  3365 | D:4      | Found a staircase to the Ecumenical Temple.
  3391 | Temple   | Entered the Ecumenical Temple
  3689 | D:4      | Found an opulent altar of Gozag.
  3754 | D:4      | Killed Edmund
  3826 | D:4      | Identified a scroll of acquirement
  3937 | D:6      | Reached skill level 9 in Long Blades
  3937 | D:6      | Reached skill level 1 in Stealth
  4000 | D:6      | Found a runed translucent gate.
  4000 | D:6      | Found a runed translucent gate.
  4000 | D:6      | Found a runed translucent gate.
  4002 | D:6      | Noticed Gargoyl's ghost (novice GnAK)
  4002 | D:6      | Noticed kelmiir's ghost (novice GnFE)
  4003 | D:6      | Noticed Vivir's ghost (novice MiFi)
  4003 | D:6      | Noticed bayefendi's ghost (novice DsAK)
  4118 | D:6      | Found a glowing golden altar of the Shining One.
  4170 | D:6      | Reached XP level 9. HP: 51/75 MP: 8/8
  4381 | D:6      | Found a runed translucent door.
  4382 | D:6      | Noticed Crazy Yiuf
  4765 | D:6      | Killed Crazy Yiuf
  4831 | D:7      | Reached skill level 10 in Long Blades
  4853 | D:7      | Reached skill level 1 in Dodging
  5008 | D:7      | Found a hazy altar of Hepliaklqana.
  5254 | D:8      | Noticed Grum
  5284 | D:8      | Killed Grum
  5383 | D:8      | Found a basalt altar of Yredelemnul.
  5401 | D:8      | Noticed a troll
  5406 | D:8      | Killed a troll
  5508 | D:8      | Found a shimmering blue altar of Sif Muna.
  5674 | D:8      | Noticed Psyche
  5687 | D:8      | Killed Psyche
  5688 | D:8      | Reached XP level 10. HP: 74/86 MP: 9/9
  6241 | D:8      | Found a snail-covered altar of Cheibriados.
  6386 | D:9      | Found a transporter.
  6398 | D:9      | Found a one-way gate to the infinite horrors of the Abyss.
  6398 | D:9      | Noticed Losanti's ghost (journeyman GrBe)
  6398 | D:9      | Noticed an orange demon
  6399 | D:9      | Noticed a glowing orange brain
  6399 | D:9      | Noticed a worldbinder
  6399 | D:9      | Noticed a green ugly thing
  6403 | D:9      | Found a transporter.
  6406 | D:9      | Noticed a green ugly thing
  6461 | D:9      | HP: 3/86 [orc warrior (16)]
  6550 | D:8      | Reached skill level 11 in Long Blades
  6669 | D:9      | Noticed Maurice
  6749 | D:9      | Killed Maurice
  6946 | D:9      | Reached skill level 10 in Shields
  6958 | D:9      | Found Wichoteng's Antique Weapon Shop.
  7118 | D:9      | Found a burning altar of Makhleb.
  7147 | D:9      | Found a glowing silver altar of Zin.
  7384 | D:10     | Entered Level 10 of the Dungeon
  7586 | D:10     | Found a staircase to the Lair.
  7621 | D:10     | Reached skill level 10 in Armour
  7763 | D:10     | Reached skill level 12 in Long Blades
  7785 | D:10     | Reached XP level 11. HP: 79/95 MP: 10/10
  7857 | D:10     | Noticed Sonja
  7863 | D:10     | Killed Sonja
  7922 | D:10     | Identified the +6 long sword "Kirgh" {pain, rCorr Dex+4}
  8067 | D:10     | Found an iron altar of Okawaru.
  8073 | D:10     | Became a worshipper of Warmaster Okawaru
  8074 | D:10     | Noticed a two-headed ogre
  8084 | D:10     | Killed a two-headed ogre
  8543 | D:11     | Noticed Erica
  8559 | D:11     | Noticed a two-headed ogre
  8779 | D:11     | Reached * piety under Okawaru
  8804 | D:11     | Killed Erica
  8977 | D:11     | Killed a two-headed ogre
  9190 | D:11     | Identified the +9 short sword of Onwuep {venom, rPois}
  9237 | D:11     | Reached skill level 13 in Long Blades
  9379 | Lair:1   | Entered Level 1 of the Lair of Beasts
  9415 | Lair:1   | Reached ** piety under Okawaru
 10386 | Lair:2   | Reached *** piety under Okawaru
 10404 | Lair:2   | Reached skill level 1 in Evocations
 10404 | Lair:2   | Found a gate leading to a gauntlet.
 10422 | Gauntlet | Entered a Gauntlet
 10422 | Gauntlet | Found a large runed translucent door.
 10422 | Gauntlet | Found a large runed translucent door.
 10422 | Gauntlet | Found a large runed translucent door.
 10422 | Gauntlet | Found a large runed translucent door.
 10422 | Gauntlet | Found a large runed translucent door.
 10422 | Gauntlet | Found a large runed translucent door.
 10422 | Gauntlet | Found a large runed translucent door.
 10422 | Gauntlet | Found a large runed translucent door.
 10422 | Gauntlet | Found a runed translucent door.
 10422 | Gauntlet | Found a runed translucent gate.
 10422 | Gauntlet | Found a transporter.
 10422 | Gauntlet | Found a transporter.
 10422 | Gauntlet | Found a runed translucent gate.
 10422 | Gauntlet | Found a transporter.
 10422 | Gauntlet | Found a transporter.
 10427 | Gauntlet | Found a transporter.
 10433 | Gauntlet | Noticed a green death
 10441 | Gauntlet | Found a transporter.
 10445 | Gauntlet | Found a transporter.
 10449 | Gauntlet | Noticed a death scarab
 10457 | Gauntlet | Noticed a death scarab
 10459 | Gauntlet | Found a transporter.
 10538 | Gauntlet | Found a runed translucent door.
 10539 | Gauntlet | Found a large runed translucent door.
 10539 | Gauntlet | Found a large runed translucent door.
 10539 | Gauntlet | Found a large runed translucent door.
 10539 | Gauntlet | Found a large runed translucent door.
 10540 | Gauntlet | Found a large runed translucent door.
 10540 | Gauntlet | Found a large runed translucent door.
 10541 | Gauntlet | Found a large runed translucent door.
 10541 | Gauntlet | Found a large runed translucent door.
 10550 | Gauntlet | Found a runed translucent gate.
 10556 | Gauntlet | Found a transporter.
 10572 | Gauntlet | Found a transporter.
 10574 | Gauntlet | Found a transporter.
 10587 | Gauntlet | Found a transporter.
 10725 | Gauntlet | Reached skill level 10 in Fighting
 10827 | Gauntlet | Identified the +0 hat "Zuiluk" {Str+3}
 10853 | Gauntlet | Reached XP level 12. HP: 106/106 MP: 9/11
 10854 | Gauntlet | Killed a death scarab
 10862 | Gauntlet | Slain by a death scarab

Illustrated notes

Levels and vault maps discovered:
D:1:      ldierk_walled_garden_2, layout_loops_cross, st_stairs_10,
          dk_noncrumbling_4
D:2:      layout_loops_cross, kennysheep_generic_room_7
D:3:      layout_basic, uniq_ijyb
D:4:      layout_loops_ring, lemuel_round_altar,
          mainiacjoe_overflow_six_doors_small,
          nicolae_ru_great_annihilating_truth, minmay_temple_entry_proselytizer,
          minivault_5, uniq_edmund, uniq_grinder, uniq_duvessa
D:5:      layout_loops_ring, mainiacjoe_overflow_divided_tiny, serial_glass,
          glass_columns_a, glass_columns_c, guppyfry_early_lair_pool
D:6:      layout_basic, overflow_temple_1_default, gammafunk_ghost_cemetery,
          uniq_crazy_yiuf_cottage
D:7:      layout_basic, mainiacjoe_overflow_surrounded_room
D:8:      layout_loops_corners, old_standard_altar, chei_slow_surprise,
          lemuel_blue_sif_altar, minmay_crystal_water, small_statue_alley_b,
          uniq_grum, uniq_psyche
D:9:      layout_roguey, kennysheep_mini_moat, zin_treasury,
          gammafunk_ghost_abyssal_escape, serial_shops,
          nicolae_shop_overgrown_old_shop, uniq_maurice
D:10:     layout_irregular_city, overflow_temple_1_default, erik_lair_island,
          st_stairs_14, uniq_sonja
D:11:     layout_loops_ring, nicolae_benzene_ring, uniq_erica
Temple:   compressed_dpeg_triangle_lava_temple
Lair:1:   layout_cellular_growth, grunt_megastairs_5
Lair:2:   mu_elephants_graveyard, layout_chaotic_city, gauntlet_entry_generic,
          kennysheep_abandoned_house
Gauntlet: gammafunk_gauntlet_hard_choice
          [minmay_gauntlet_arena_make_your_own_arena,
          gammafunk_gauntlet_arena_open, nicolae_gauntlet_arena_blocks,
          nicolae_gauntlet_arena_t_cross, gammafunk_gauntlet_arena_hedges,
          gammafunk_gauntlet_arena_corners, dreamdust_gauntlet_exit_labyrinth]

Skill      XL: |  1  2  3  4  5  6  7  8  9 10 11 |
---------------+----------------------------------+-----
Shields        | 4 5 7 9 10 12 | 12.9
Armour         | 4 5 7 8 10 11 | 11.6
Long Blades    | 4 5 6 8 9 10 12 13 | 13.4
Fighting       | 4 5 6 7 8 10 | 10.1
Stealth        | 1 |  1.9
Dodging        | 2 3 |  3.0
Evocations     | 1 |  1.3
Invocations    | |  0.3

Action                   |  1- 3 |  4- 6 |  7- 9 | 10-12 || total
-------------------------+-------+-------+-------+-------++-------
Melee: Long sword        |    91 |   106 |   353 |   535 ||  1085
       Headbutt          |    13 |    20 |    84 |   122 ||   239
Invok: Heroism           |       |       |       |     5 ||     5
Evoke: Wand              |       |       |     1 |    15 ||    16
  Use: Scroll            |       |       |     4 |     8 ||    12
       Potion            |       |       |       |     4 ||     4
 Stab: Paralysed         |       |       |     1 |     4 ||     5
       Invisible         |       |       |     1 |       ||     1
Armor: Scale mail        |    35 |       |       |       ||    35
       Plate armour      |    18 |    54 |   227 |   266 ||   565
Dodge: Dodged            |    51 |    29 |    39 |   112 ||   231
Block: Buckler           |    18 |    25 |     4 |       ||    47
       Tower shield      |       |       |   276 |   594 ||   870

Table legend: (Time is in decaauts)
 A = Elapsed time spent in this place.
 B = Non-inter-level travel time spent in this place.
 C = Inter-level travel time spent in this place.
 D = Time resting spent in this place.
 E = Time spent auto-exploring this place.
 F = Levels seen in this place.
 G = Mean time per level.
                   A        B        C        D        E       F      G
               +--------+--------+--------+--------+--------+-----+--------+
         Total |  11072 |  10629 |    443 |    374 |   6706 |  15 |  738.1 |
       Dungeon |   9521 |   9108 |    413 |    374 |   6065 |  11 |  865.5 |
        Temple |     71 |     71 |      0 |      0 |      0 |   1 |   71.0 |
          Lair |   1041 |   1012 |     29 |      0 |    641 |   2 |  520.5 |
      Gauntlet |    439 |    439 |      0 |      0 |      0 |   1 |  439.0 |
               +--------+--------+--------+--------+--------+-----+--------+

Top non-repeatable levels by time:
     D:8: 1215 daAuts
    D:10: 1084 daAuts
     D:9: 1065 daAuts
  Lair:1: 943 daAuts
     D:6: 915 daAuts
     D:4: 877 daAuts
     D:5: 876 daAuts
    D:11: 840 daAuts
     D:2: 736 daAuts
     D:1: 733 daAuts
     D:3: 712 daAuts
     D:7: 463 daAuts
Gauntlet: 439 daAuts
  Lair:2: 97 daAuts
  Temple: 71 daAuts
